Map: Nightshade LE

Players

Reynor - Winner!

  • Race: Zerg Zerg
  • Spawn Location: 11:00

LiquidTLO (TLO)

  • Race: Zerg Zerg
  • League: Grandmaster
  • Spawn Location: 5:00

VOD

Have the link to the VOD?

Description

Time

  • Played on: Jan. 7, 2020, 6:16 p.m.
  • Length: 8:16
Show
View Real Time Build Order
Export as new Build Order

Reynor Zerg - Winner!

Build Orders: Pool First 

Get SALT Encoding   

  12  0:17  Spawning Pool  
  11  0:22  Drone  
  11  0:27  Drone  
  13  0:31  Drone  
  14  0:40  Overlord  
  14  1:04  Zergling x4  
  14  1:05  Zergling x2  
  17  1:17  Zergling x2  
  18  1:20  Hatchery  
  17  1:27  Zergling x2  
  18  1:33  Queen  
  18  1:38  Zergling x2  
  21  1:48  Overlord  
  21  1:59  Drone  
  22  2:08  Queen  
  22  2:10  Drone  
  25  2:21  Drone  
  21  2:31  Drone  
  21  2:33  Drone  
  21  2:34  Queen  
  21  2:36  Extractor  
  24  2:42  Drone  
  24  2:43  Drone  
  26  2:46  Drone  
  26  2:47  Drone  
  26  2:48  Drone  
  29  2:54  Zergling x2  
  29  2:55  Zergling x2  
  31  3:03  Overlord  
  31  3:05  Drone  
  31  3:13  Drone x3  
  34  3:23  Drone x2  
  36  3:31  Overlord  
  36  3:37  Metabolic Boost  
  36  3:43  Evolution Chamber  
  36  3:44  Drone  
  36  3:51  Drone x4  
  36  3:53  Roach Warren  
  36  3:54  Drone  
  40  3:57  Drone x2  
  40  4:00  Overlord  
  42  4:07  Drone x2  
  43  4:13  Zerg Missile Weapons Level 1  
  43  4:18  Evolution Chamber  
  43  4:21  Zergling x8  
  43  4:22  Drone  
  47  4:24  Zergling x2  
  47  4:25  Zergling x2  
  47  4:29  Zergling x4  
  51  4:37  Overlord x2  
  52  4:49  Hatchery  
  52  4:52  Lair  
  51  4:57  Drone x3  
  51  4:58  Drone x2  
  51  4:59  Extractor, Drone  
  56  5:01  Extractor, Drone  
  56  5:02  Drone  
  56  5:03  Drone  
  58  5:07  Drone  
  58  5:08  Drone  
  60  5:19  Roach x2  
  60  5:20  Extractor, Drone x2  
  64  5:21  Overlord  
  64  5:26  Roach  
  64  5:28  Roach  
  66  5:30  Overlord  
  66  5:36  Zergling x2  
  66  5:37  Overlord  
  66  5:40  Roach  
  69  5:43  Roach  
  69  5:48  Overlord  
  69  5:49  Roach x3  
  77  5:53  Glial Reconstitution  
  79  5:57  Roach  
  79  6:03  Drone x5  
  84  6:14  Drone x2  
  84  6:15  Roach  
  84  6:17  Roach x2  
  92  6:19  Roach  
  92  6:22  Roach  
  96  6:27  Roach  
  96  6:28  Roach  
  96  6:29  Overlord  
  100  6:33  Roach  
  100  6:35  Roach  
  104  6:40  Overlord  
  105  6:47  Roach  
  105  6:52  Roach x4  
  113  6:56  Overlord  
  113  6:57  Overlord  
  113  7:01  Roach x2  
  113  7:02  Roach x2  
  113  7:05  Overlord  
  113  7:07  Overlord  
  118  7:17  Roach x5  
  118  7:22  Roach x2  
  131  7:24  Ravager x2  
  131  7:26  Roach  
  135  7:31  Roach x2  
  135  7:32  Roach  
  135  7:34  Roach  
  143  7:37  Drone x2  
  143  7:38  Drone  
  143  7:42  Ravager  
  147  7:44  Drone x4  
  147  7:47  Extractor  
  147  7:48  Ravager  
  147  7:51  Roach  
Show
View Real Time Build Order
Export as new Build Order

LiquidTLO Zerg 

Build Orders: Hatch First 

Get SALT Encoding   

  12  0:00  Drone  
  13  0:12  Overlord  
  13  0:17  Drone  
  14  0:31  Drone x2  
  16  0:47  Hatchery  
  15  0:50  Drone  
  15  0:54  Drone  
  17  0:57  Drone  
  18  1:04  Extractor  
  17  1:13  Spawning Pool  
  17  1:16  Drone  
  17  1:19  Drone  
  18  1:28  Drone  
  19  2:00  Zergling x8  
  19  2:01  Queen x2  
  23  2:06  Extractor  
  26  2:14  Zergling x2  
  26  2:15  Zergling x2  
  28  2:22  Zergling x2  
  23  2:34  Drone  
  23  2:40  Overlord  
  23  2:43  Drone  
  24  2:47  Drone  
  25  2:53  Drone  
  25  2:57  Drone  
  28  2:58  Drone  
  28  3:10  Zergling x2, Drone  
  28  3:12  Drone  
  30  3:13  Drone  
  30  3:18  Drone x2  
  30  3:20  Drone  
  31  3:29  Drone  
  31  3:30  Drone  
  31  3:33  Drone x2  
  34  3:42  Overlord  
  34  3:45  Drone  
  35  3:51  Drone  
  35  3:53  Evolution Chamber  
  35  3:58  Drone  
  35  4:02  Drone  
  37  4:03  Drone  
  37  4:05  Overlord  
  37  4:06  Drone  
  39  4:14  Roach Warren  
  39  4:15  Drone  
  39  4:19  Zerg Missile Weapons Level 1  
  39  4:21  Overlord  
  39  4:23  Drone  
  40  4:25  Queen, Overlord  
  40  4:26  Extractor  
  40  4:28  Drone  
  41  4:32  Overlord  
  41  4:35  Drone x2  
  43  4:39  Extractor  
  43  4:41  Drone  
  43  4:42  Drone  
  43  4:44  Lair  
  44  4:47  Drone  
  44  4:52  Drone  
  46  4:53  Drone x2  
  46  4:54  Drone  
  46  4:56  Roach  
  51  5:02  Roach  
  51  5:05  Evolution Chamber  
  52  5:09  Roach x2  
  52  5:10  Roach  
  58  5:15  Roach  
  58  5:19  Evolution Chamber  
  59  5:22  Roach  
  59  5:24  Roach  
  59  5:26  Overlord  
  65  5:34  Zergling x2, Roach  
  68  5:39  Drone  
  68  5:40  Hatchery, Drone  
  69  5:43  Glial Reconstitution  
  69  5:46  Roach  
  69  5:47  Roach  
  73  5:50  Overlord  
  73  5:54  Roach x2  
  73  5:56  Roach  
  79  6:01  Evolution Chamber  
  79  6:02  Roach  
  80  6:06  Drone x2, Overlord  
  80  6:09  Roach  
  84  6:13  Roach  
  84  6:15  Roach x2  
  92  6:18  Roach  
  92  6:24  Overlord  
  92  6:25  Overlord  
  92  6:38  Roach  
  94  6:41  Roach  
  94  6:44  Roach  
  98  6:49  Roach  
  98  6:51  Overlord  
  98  6:52  Drone  
  98  6:53  Drone x3  
  103  6:55  Drone  
  103  7:00  Drone x2  
  103  7:01  Drone  
  107  7:03  Drone  
  107  7:04  Drone  
  107  7:17  Roach  
  107  7:18  Roach x2  
  107  7:19  Drone  
  107  7:20  Drone  
  107  7:21  Drone  
  107  7:22  Drone  
  113  7:23  Extractor x2  
  113  7:24  Roach  
  113  7:28  Drone  
  113  7:29  Drone x4  
  118  7:30  Roach x2  
  118  7:34  Overlord  
  118  7:35  Roach  
  126  7:37  Roach  
  126  7:39  Ravager  
  126  7:40  Overlord  
  126  7:42  Roach  
  129  7:47  Overlord  
  129  7:53  Roach x2  
  129  7:54  Roach  
Tags
 
Add a new tag
Caveats
  • Supply blocks, unpowered buildings, or Contaminate may cause inaccurate times.
  • Supply counts are checked every 10 seconds.